 Dungeon Crawl Stone Soup version 0.29.1-4-g47bece8355 (webtiles) character file.

Game seed: 18417807080471420250

617 KittyFluff the Cudgeller (level 7, 0/44 HPs)
             Began as a Gargoyle Berserker on Dec 1, 2022.
             Was a Priest of Trog.
             Slain by a killer bee (5 damage)
             ... on level 5 of the Dungeon.
             The game lasted 00:20:47 (4412 turns).

KittyFluff the Cudgeller (Gargoyle Berserker)       Turns: 4412, Time: 00:20:47

Health: 0/44       AC: 11    Str: 21    XL:     7   Next: 45%
Magic:  7/7        EV: 10    Int:  7    God:    Trog [***...]
Gold:   300        SH:  8    Dex: 11    Spells: 6/6 levels left

rFire   . . .      SeeInvis .   J - +0 demon whip
rCold   + + .      Faith    .   g - +0 kite shield
rNeg    + . .      Spirit   .   h - +0 robe
rPois   ∞          Reflect  .   E - +0 helmet
rElec   +          Harm     .   B - +1 cloak
rCorr   .          Rampage  .   q - +0 pair of gloves
Will    .....                   (no boots)
Stlth   +.........              m - amulet of regeneration
HPRegen 0.94/turn               i - ring of protection from cold
MPRegen 0.10/turn               k - ring of protection from cold

@: brilliant, on berserk cooldown, hasted and slowed, very slow
A: sickness immunity, AC +4, negative energy resistance 1, electricity
resistance, torment resistance 1, petrification resistance
a: Renounce Religion, Berserk, Trog's Hand


You were on level 5 of the Dungeon.
You worshipped Trog.
Trog was most pleased with you.
You visited 1 branch of the dungeon, and saw 5 of its levels.

You collected 300 gold pieces.

Inventory:

Hand Weapons
 e - a +2 whip of freezing
 y - a +0 sling
 A - a +3 quarterstaff of chaos
 J - a +0 demon whip (weapon)
Missiles
 f - 48 stones (quivered)
 r - 4 javelins
 C - 11 poisoned darts
 K - 3 boomerangs
Armour
 g - a +0 kite shield (worn)
 h - a +0 robe (worn)
 q - a +0 pair of gloves (worn)
 u - a +0 leather armour
 B - a +1 cloak (worn)
 E - a +0 helmet (worn)
 G - the +1 ring mail "Uqec" {Rampage +Inv rC- Int+5 Slay+5}
   (You found it on level 3 of the Dungeon)

   Int:       It affects your intelligence (+5).
   Slay:      It affects your accuracy & damage with ranged weapons and melee
   (+5).
   rC:        It makes you vulnerable to cold.
   +Inv:      It lets you turn invisible.
   Rampage:   It bestows one free step when moving towards enemies.
Jewellery
 i - a ring of protection from cold (left hand)
 k - a ring of protection from cold (right hand)
 m - an amulet of regeneration (around neck)
 p - an amulet of the acrobat
Scrolls
 b - a scroll of poison
 d - a scroll of fog {unknown}
 l - a scroll of vulnerability {unknown}
 o - a scroll of enchant armour {unknown}
 s - 2 scrolls of amnesia {unknown}
 t - a scroll of immolation {unknown}
 v - a scroll of enchant weapon {unknown}
 x - a scroll of summoning {unknown}
 D - 3 scrolls of teleportation
 L - 2 scrolls of identify {unknown}
Potions
 c - a potion of brilliance
 n - 3 potions of attraction {unknown}
 w - 2 potions of might {unknown}
 z - a potion of mutation {unknown}
 F - a potion of heal wounds {unknown}
 H - 2 potions of curing {unknown}
 I - a potion of magic {unknown}


   Skills:
 + Level 4.3 Fighting
 + Level 4.9 Maces & Flails
 * Level 4.4 Armour
 + Level 2.9 Dodging
 + Level 1.7 Stealth
 * Level 3.7 Shields


You had 6 spell levels left.
You didn't know any spells.
Your spell library was empty.

Dungeon Overview and Level Annotations

Branches:
Dungeon (5/15)
 Temple: D:4-7

Altars:

Portals:
Sewer: D:5


Innate Abilities, Weirdness & Mutations

You are immune to sickness and miasma.
Your stone body is resilient. (AC +4)
You are immune to poison.
You resist negative energy. (rN+)
You are resistant to electric shocks. (rElec)
You are resistant to unholy torment.
You are immune to petrification.


Message History

The killer bee is almost dead.
The killer bee closely misses you. You block the killer bee's attack.
The killer bee stings you. The killer bee barely misses you.
The killer bee stings you but does no damage.
You block the killer bee's attack. The giant cockroach barely misses you.
The killer bee stings you.
The killer bee stings you but does no damage.
The killer bee barely misses you.
The air fills with toxic fumes!
As you read the scroll of poison, it crumbles to dust.
You block the killer bee's attack. The killer bee stings you.
The killer bee barely misses you.
The giant cockroach bites you but does no damage.
The killer bee stings you. The killer bee completely misses you.
The killer bee barely misses you. The giant cockroach barely misses you.
You block the killer bee's attack. The killer bee closely misses you.
The killer bee stings you but does no damage.
Your unstable footing causes you to fumble your attack.
You block the killer bee's attack. The killer bee closely misses you.
You block the killer bee's attack. x2; The giant cockroach barely misses you.
The killer bee closely misses you. x2
The killer bee stings you but does no damage.
The killer bee stings you.
* * * LOW HITPOINT WARNING * * *
The giant cockroach bites you but does no damage.
The killer bee stings you but does no damage.
It was a potion of brilliance.
You feel clever all of a sudden. The killer bee stings you.
* * * LOW HITPOINT WARNING * * *
The killer bee barely misses you. x2; The killer bee stings you.
* * * LOW HITPOINT WARNING * * *
You block the killer bee's attack. x2; The giant cockroach closely misses you.
The killer bee stings you.
* * * LOW HITPOINT WARNING * * *
The killer bee stings you but does no damage.
The killer bee completely misses you. The giant cockroach barely misses you.
It was a potion of haste.
You feel yourself speed up. The killer bee stings you.
You die...

.[ #. #. #####
#. ##§☼§## ###.
##§§§§~# ....##
#§§y#≈.#
#...#######
#y@§#≈.#
#.........#
#yB§#≈.#
###.####.##
#§B☼#≈~# #.#
#.# #☼r§#≈.# #
#.# #.#
#§§§#≈.##
####.# #.#
§§§##~~~#
.....# #.#
§§###~:~#
######
#.##########~.#
#
#......##.....#


You could see 3 killer bees, a quokka and 2 giant cockroaches.

Vanquished Creatures
  A black bear (D:4)
  A phantom (D:4)
  A necrophage (D:4)
  A killer bee (D:5)
  Crazy Yiuf (D:2)
  A hound (D:4)
  An iguana (D:4)
  An orc wizard (D:4)
  4 gnolls (D:4)
  8 adders
  3 ufetubi (D:4)
  4 worms
  A dart slug (D:4)
  8 orcs (D:4)
  11 ball pythons
  9 bats
  4 endoplasms
  5 giant cockroaches
  12 goblins
  4 hobgoblins
  5 jackals
  8 kobolds
  6 quokkas
  5 frilled lizards
  8 rats
113 creatures vanquished.

Vanquished Creatures (others)
  A fungus (D:2)
1 creature vanquished.

Grand Total: 114 creatures vanquished

Notes
Turn   | Place    | Note
-------+----------+-------------------------------------------
     0 | D:1      | KittyFluff the Gargoyle Berserker began the quest for the
                  | Orb.
     0 | D:1      | Reached XP level 1. HP: 14/14 MP: 1/1
   562 | D:1      | Reached XP level 2. HP: 12/19 MP: 2/2
   589 | D:1      | Found a faded altar of an unknown god.
  1191 | D:1      | Reached XP level 3. HP: 24/24 MP: 3/3
  1937 | D:2      | Reached XP level 4. HP: 29/29 MP: 4/4
  2033 | D:2      | Found a runed translucent door.
  2034 | D:2      | Noticed Crazy Yiuf
  2041 | D:2      | Killed Crazy Yiuf
  2042 | D:2      | Reached skill level 1 in Shields
  2263 | D:2      | Reached ** piety under Trog
  2536 | D:3      | Reached XP level 5. HP: 33/33 MP: 5/5
  2780 | D:3      | Identified the +1 ring mail "Uqec" {Rampage +Inv rC- Int+5
                  | Slay+5}
  2862 | D:3      | Reached skill level 1 in Stealth
  3583 | D:4      | Noticed a phantom
  3604 | D:4      | Killed a phantom
  3605 | D:4      | Reached XP level 6. HP: 38/38 MP: 6/6
  3740 | D:4      | Reached *** piety under Trog
  3861 | D:4      | Reached XP level 7. HP: 43/43 MP: 7/7
  4292 | D:5      | Entered Level 5 of the Dungeon
  4384 | D:5      | Found a glowing drain.
  4412 | D:5      | Slain by a killer bee

Illustrated notes

Levels and vault maps discovered:
D:1:      minmay_arrival_radiant_lines, layout_basic,
          chequers_ecumenical_altar_island
D:2:      kennysheep_big_flooded_room, layout_basic, st_stairs_13,
          minmay_fractal_squares_5, uniq_crazy_yiuf_cottage
D:3:      minmay_recursive_quarters, layout_basic, minmay_strange_pillars,
          minmay_misc_feat_rugged
D:4:      layout_loops_cross, minmay_between
D:5:      layout_loops_ring, mainiacjoe_overflow_divided_tiny,
          general_overflow_altar, minmay_temple_entry_drinking_statues,
          gup_sewer_entry_pipe, uniq_pikel, uniq_sigmund, uniq_eustachio

Skill      XL: |  1  2  3  4  5  6 |
---------------+-------------------+-----
Dodging        | 2 |  2.9
Armour         | 3 4 |  4.4
Shields        | 1 2 3 |  3.7
Fighting       | 4 |  4.3
Maces & Flails | 4 |  4.9
Stealth        | 1 |  1.7

Action                   |  1- 3 |  4- 6 |  7- 9 || total
-------------------------+-------+-------+-------++-------
Melee: Mace              |   108 |   147 |       ||   255
       Demon whip        |       |    74 |    51 ||   125
Throw: Stone             |       |     1 |       ||     1
Invok: Berserk           |     1 |     2 |     1 ||     4
  Use: Scroll            |       |     2 |     1 ||     3
       Potion            |       |       |     2 ||     2
 Stab: Sleeping          |       |     2 |     2 ||     4
       Invisible         |       |     1 |       ||     1
Armor: Animal skin       |    17 |       |       ||    17
       Robe              |    37 |    98 |    57 ||   192
Dodge: Dodged            |    61 |    97 |    70 ||   228
Block: Kite shield       |    35 |    80 |    61 ||   176
